 Dungeon Crawl Stone Soup version 0.21.1-1-g345015f (webtiles) character file.

189 Mesmaeker13 the Skirmisher (level 5, -8/32 HPs)
             Began as a Gargoyle Skald on Apr 25, 2018.
             Mangled by an ogre
             ... wielding a +0 giant spiked club
              (11 damage)
             ... on level 4 of the Dungeon.
             The game lasted 00:06:28 (3796 turns).

Mesmaeker13 the Skirmisher (Gargoyle Skald)         Turns: 3796, Time: 00:06:29

Health: -8/32      AC:  9    Str: 16    XL:     5   Next: 68%
Magic:  6/8        EV: 11    Int: 13    God:
Gold:   229        SH:  0    Dex:  9    Spells: 5/8 levels left

rFire    . . .     SeeInvis .   a - +0 mace
rCold    . . .     Gourm    .   (no shield)
rNeg     + . .     Faith    .   b - +0 leather armour
rPois    ∞         Spirit   .   t - +0 helmet
rElec    +         Reflect  .   u - +0 cloak
rCorr    .         Harm     .   (no gloves)
MR       .....                  (no boots)
Stlth    +.........             (no amulet)
HPRegen  0.10/turn              (no ring)
MPRegen  0.11/turn              (no ring)

@: infused, hasted, very quick
A: negative energy resistance 1, electricity resistance, unbreathing,
petrification resistance, rot immunity, AC +4
a: no special abilities


You were on level 4 of the Dungeon.
You were not hungry.

You visited 1 branch of the dungeon, and saw 4 of its levels.

You collected 229 gold pieces.

Inventory:

Hand Weapons
 a - a +0 mace (weapon)
Armour
 b - a +0 leather armour (worn)
 t - a +0 helmet (worn)
 u - a +0 cloak (worn)
Scrolls
 e - a scroll of immolation
 f - a scroll of magic mapping
 i - a scroll of teleportation
 l - 2 scrolls of remove curse
 m - a scroll of amnesia
 n - a scroll of noise
 o - 2 scrolls of enchant weapon {unknown}
 r - a scroll of fear {unknown}
Potions
 g - a potion of cancellation
 h - 2 potions of berserk rage {unknown}
 j - 2 potions of magic
 k - a potion of might {unknown}
 q - 5 potions of curing
Books
 c - a book of Battle

   Spells                             Type                      Level
   a - Infusion                       Charms                       1
   b - Shroud of Golubria             Charms/Translocation         2
   c - Song of Slaying                Charms                       2
   d - Spectral Weapon                Hexes/Charms                 3
   e - Regeneration                   Charms/Necromancy            3
Comestibles
 d - 5 rations


   Skills:
 + Level 3.6 Fighting
 + Level 3.3 Maces & Flails
 + Level 3.0 Armour
 - Level 1.5 Dodging
 - Level 2.0 Spellcasting
 + Level 3.5 Charms


You had 5 spell levels left.
You knew the following spells:

 Your Spells              Type           Power        Failure   Level  Hunger
a - Infusion              Chrm           ##..         7%          1    ##.....
b - Shroud of Golubria    Chrm/Tloc      #.........   22%         2    ###....


Dungeon Overview and Level Annotations

Branches:
Dungeon (4/15)
 Temple: D:4-7

Altars:
Elyvilon
Sif Muna

Annotations:
D:3 wojtek's ghost, amateur MiFi


Innate Abilities, Weirdness & Mutations

You are resistant to torment.
Your stone body is resilient. (AC +4)
You are immune to poison.
You resist negative energy. (rN+)
You are resistant to electric shocks. (rElec)
You can survive without breathing.
You are immune to petrification.
You are immune to rotting.


Message History

Space distorts slightly along a thin shroud covering your body.
The ogre shouts!
Casting: Shroud of Golubria
Confirm with . or Enter, or press ? or * to list all spells.
You begin infusing your attacks with magical energy.
It was a potion of haste.
You feel yourself speed up.
It was a potion of magic.
Magic courses through your body.
The ogre hits you with a giant spiked club!!
Ouch! That really hurt!
* * * LOW HITPOINT WARNING * * *
Your shroud falls apart!
You sock the ogre!
The ogre is heavily wounded.
You barely miss the ogre.
The ogre is heavily wounded.
The ogre barely misses you.
You thump the ogre!
The ogre is severely wounded.
The ogre hits you with a giant spiked club!
You die...

,,**#,*#..### #.......# *,,,,,,
,,* #.##.## #.......##*,,,,,,
,,**#.o..# #........##,,,,,,
oo.....### #.........##*****
...###.,**#######.......#..#
.,,**##,,,...o......(...##.#
,,,,,,,,,########...(...##.#
,,,,,,,,,.....###[).....##.#
,,**,****,,*#..O@<..######.######
,,,,,* **,*#######..............
,,**,* *,* ##############. ,,**,*
*,** #. ****,* *,,** ## * *,*
**,,* # *,*****,,,* *,,,,,,,***
*********


You could see an ogre.

Vanquished Creatures
  An orc wizard (D:4)
  Robin (D:4)
  5 adders
  4 worms (D:2)
  2 dart slugs (D:2)
  2 leopard geckos
  6 orcs
  4 bats
  5 giant cockroaches
  14 goblins
  14 hobgoblins
  8 kobolds
  3 quokkas
  6 frilled lizards
  6 rats
81 creatures vanquished.

Notes
Turn   | Place    | Note
-------+----------+-------------------------------------------
     0 | D:1      | Mesmaeker13 the Gargoyle Skald began the quest for the Orb.
     0 | D:1      | Reached XP level 1. HP: 12/12 MP: 3/3
    36 | D:1      | Reached XP level 2. HP: 9/18 MP: 0/5
   455 | D:1      | Reached XP level 3. HP: 11/22 MP: 2/6
   777 | D:2      | Learned a level 2 spell: Shroud of Golubria
  1266 | D:2      | Reached XP level 4. HP: 27/27 MP: 3/7
  1936 | D:2      | Found a deep blue altar of Sif Muna.
  2483 | D:3      | Noticed wojtek's ghost (amateur MiFi)
  2597 | D:3      | Found a white marble altar of Elyvilon.
  2648 | D:3      | Reached XP level 5. HP: 32/32 MP: 5/8
  3049 | D:4      | Noticed Robin
  3065 | D:4      | Killed Robin
  3788 | D:4      | Noticed an ogre
  3796 | D:4      | Mangled by an ogre

Skill      XL: |  1  2  3  4  5 |
---------------+----------------+-----
Charms         | 3 |  3.5
Armour         | 2 3 |  3.0
Fighting       | 3 |  3.6
Maces & Flails | 3 |  3.3
Dodging        | |  1.5
Spellcasting   | |  2.0

Action                   |  1- 3 |  4- 6 || total
-------------------------+-------+-------++-------
Melee: Mace              |    98 |   192 ||   290
 Cast: Infusion          |    16 |    17 ||    33
       Shroud of Golubri |       |     6 ||     6
  Use: Scroll            |     2 |     8 ||    10
       Potion            |       |     5 ||     5
  Eat: Chunk             |     2 |     8 ||    10
       Ration            |       |     1 ||     1
Armor: Leather armour    |    47 |    91 ||   138
       Skin              |       |    13 ||    13
Dodge: Dodged            |    52 |    97 ||   149
